 Dungeon Crawl Stone Soup version 0.29.1-4-g47bece8355 (webtiles) character file.

Game seed: 8181611188969041868

242 ChadusMaximus the Shield-Bearer (level 5, 0/48 HPs)
             Began as a Minotaur Fighter on Dec 9, 2022.
             Succumbed to an orc's poison
             ... on level 4 of the Dungeon.
             The game lasted 00:01:22 (2739 turns).

ChadusMaximus the Shield-Bearer (Minotaur Fighter)  Turns: 2739, Time: 00:01:23

Health: 0/48       AC: 11    Str: 22    XL:     5   Next: 82%
Magic:  4/4        EV:  7    Int:  5    God:
Gold:   142        SH:  5    Dex: 10    Spells: 4/4 levels left

rFire   . . .      SeeInvis .   a - +0 war axe
rCold   . . .      Faith    .   c - +0 buckler
rNeg    . . .      Spirit   .   t - +0 chain mail
rPois   .          Reflect  .   (helmet restricted)
rElec   .          Harm     .   (no cloak)
rCorr   .          Rampage  .   m - +0 pair of gloves
Will    .....                   (no boots)
Stlth   ..........              (no amulet)
HPRegen 0.16/turn               (no ring)
MPRegen 0.09/turn               (no ring)

@: lethally poisoned (0 -> -40)
A: horns 2, retaliatory headbutt
a: no special abilities


You were on level 4 of the Dungeon.
You visited 1 branch of the dungeon, and saw 4 of its levels.

You collected 142 gold pieces.

Inventory:

Hand Weapons
 a - a +0 war axe (weapon)
Armour
 b - a +0 scale mail
 c - a +0 buckler (worn)
 m - a +0 pair of gloves (worn)
 s - a scarf of harm
 t - a +0 chain mail (worn)
Jewellery
 j - a +6 ring of intelligence
 r - an amulet of guardian spirit
Scrolls
 e - 3 scrolls of teleportation {unknown}
 f - 7 scrolls of identify {unknown}
 g - 2 scrolls of fear {unknown}
 h - 2 scrolls of amnesia {unknown}
 k - a scroll of enchant armour {unknown}
 l - a scroll of vulnerability {unknown}
 n - a scroll of poison {unknown}
 o - a scroll of magic mapping {unknown}
 p - a scroll of immolation {unknown}
 q - a scroll of enchant weapon {unknown}
 u - a scroll of noise {unknown}
Potions
 d - a potion of might
 i - a potion of ambrosia {unknown}


   Skills:
 + Level 5.0 Fighting
 + Level 4.2 Axes
 + Level 5.0 Armour
 + Level 5.1 Shields


You had 4 spell levels left.
You didn't know any spells.
Your spell library contained the following spells:

 Spells                   Type           Power      Damage    Failure   Level
 Slow                     Hex            0%         N/A       99%         1
 Blink                    Tloc           0%         N/A       100%        2
 Confusing Touch          Hex            0%         N/A       100%        3
 Lesser Beckoning         Tloc           0%         N/A       100%        3
 Vampiric Draining        Necr           0%         2d6       100%        3
 Manifold Assault         Tloc           0%         N/A       100%        5


Dungeon Overview and Level Annotations

Branches:
Dungeon (4/15)
 Temple: D:4-7

Altars:
Gozag
Nemelex Xobeh


Innate Abilities, Weirdness & Mutations

You have a pair of horns on your head.
You reflexively headbutt those who attack you in melee.


Message History

The orc hits you but does no damage. You block the adder's attack.
Unknown command.
You closely miss the orc.
The orc is heavily wounded.
You slash the adder! You hit the orc but do no damage.
You feel very sick. The orc barely misses you.
The orc hits you with a +1 dagger of venom.
You are more poisoned.
The adder bites you but does no damage. You block the orc's attack.
The orc closely misses you.
You closely miss the adder. Your headbutt misses the adder.
The adder is almost dead.
You closely miss the orc. You barely miss the orc.
You feel very sick. The adder barely misses you. You block the adder's attack.
The orc hits you but does no damage. x2
You are lethally poisoned!
You barely miss the adder.
The adder is severely wounded.
You hit the orc. You barely miss the orc.
You feel extremely sick. The adder bites you but does no damage.
The orc hits you but does no damage.
You are more poisoned.
The orc closely misses you. You furiously retaliate!
You headbutt the orc, but do no damage. The adder barely misses you.
You completely miss the adder.
The adder is severely wounded.
You hit the orc. You barely miss the orc.
* * * LOW HITPOINT WARNING * * *
You feel extremely sick. The orc hits you but does no damage. x2
You are more poisoned.
The adder bites you but does no damage. x2; You block the orc's attack.
The orc hits you but does no damage.
You are more poisoned.
You hit the adder.
You kill the adder!
You barely miss the orc. You closely miss the orc.
You die...

##............
#.........>.....#
##...............#
#................## .
#.................### ..
#...................#...
........................
.................o......
................@†K.....
...............##o.>....
..........)....# #......
..............## ......
#.............# .....
#.............# .....
##..........### ....
##.......### ....
#########


You could see 2 orcs and a kobold.

Vanquished Creatures
  An ice beast (D:4)
  A phantom (D:4)
  5 adders
  A worm (D:2)
  A dart slug (D:3)
  An orc (D:4)
  4 endoplasms
  A giant cockroach (D:2)
  4 goblins (D:3)
  2 hobgoblins
  3 quokkas (D:1)
  3 ball pythons
  6 bats
  3 frilled lizards
  3 kobolds
  2 rats (D:1)
41 creatures vanquished.

Notes
Turn   | Place    | Note
-------+----------+-------------------------------------------
     0 | D:1      | ChadusMaximus the Minotaur Fighter began the quest for the
                  | Orb.
     0 | D:1      | Reached XP level 1. HP: 19/19 MP: 0/0
   369 | D:1      | Found a faded altar of an unknown god.
   646 | D:1      | Reached XP level 2. HP: 27/27 MP: 1/1
  1293 | D:2      | Reached XP level 3. HP: 33/33 MP: 2/2
  1892 | D:3      | Found a sparkling altar of Nemelex Xobeh.
  2078 | D:3      | Reached XP level 4. HP: 40/40 MP: 3/3
  2176 | D:3      | Found an opulent altar of Gozag.
  2547 | D:4      | Noticed a phantom
  2560 | D:4      | Killed a phantom
  2561 | D:4      | Reached XP level 5. HP: 40/47 MP: 4/4
  2603 | D:4      | Noticed an ice beast
  2613 | D:4      | Killed an ice beast
  2614 | D:4      | Reached skill level 5 in Fighting
  2614 | D:4      | Reached skill level 5 in Armour
  2614 | D:4      | Reached skill level 5 in Shields
  2739 | D:4      | Succumbed to an orc's poison

Illustrated notes

Levels and vault maps discovered:
D:1:      eino_arrival_cavern_b, layout_loops_ring,
          dreamdust_ecumenical_altar_grove, corexii_item_surrounded_by_moat
D:2:      layout_loops_ring, kennysheep_generic_room_4
D:3:      layout_loops_ring, nemelex_spade_bored_becter,
          nicolae_gozag_cash_rules_everything_around_me
D:4:      layout_cave_pods, marbit_many_paths, minmay_temple_entry_junction_2

Skill      XL: |  1  2  3  4  5 |
---------------+----------------+-----
Shields        | 4 5 |  5.1
Fighting       | 4 5 |  5.0
Axes           | 3 4 |  4.2
Armour         | 4 5 |  5.0

Action                   |  1- 3 |  4- 6 || total
-------------------------+-------+-------++-------
Melee: War axe           |    77 |    32 ||   109
       Headbutt          |    10 |     3 ||    13
Armor: Scale mail        |    39 |       ||    39
       Chain mail        |       |    27 ||    27
Dodge: Dodged            |    39 |    16 ||    55
Block: Buckler           |    20 |    12 ||    32
